Map: Blackpink LE

Players

Scarlett - Winner!

  • Race: Zerg Zerg
  • Spawn Location: 7:00

Zanster

  • Race: Zerg Zerg
  • Spawn Location: 1:00

Event: IEM Season 12 - Katowice

VOD

Have the link to the VOD?

Description

Time

  • Played on: Feb. 26, 2018, 12:29 p.m.
  • Length: 16:19

All games in this series

Show
View Real Time Build Order
Export as new Build Order

Scarlett Zerg - Winner!

Build Orders: Hatch First, Lurkers 

Get SALT Encoding   

  12  0:00  Drone  
  13  0:13  Overlord  
  13  0:17  Drone  
  14  0:31  Drone x2  
  14  0:34  Drone  
  17  0:51  Hatchery  
  17  0:54  Drone  
  17  0:57  Drone  
  17  1:01  Extractor  
  17  1:12  Spawning Pool  
  17  1:15  Drone  
  17  1:18  Drone  
  18  1:28  Drone  
  19  1:39  Drone  
  20  1:49  Overlord  
  20  1:59  Queen  
  22  2:01  Metabolic Boost  
  22  2:02  Queen  
  22  2:05  Zergling x4  
  26  2:12  Zergling x2  
  27  2:17  Drone  
  28  2:28  Zergling x4  
  30  2:35  Hatchery  
  29  2:41  Overlord  
  29  2:45  Zergling x4  
  31  2:54  Zergling x2  
  31  2:55  Zergling x2  
  33  3:07  Zergling x10  
  39  3:12  Zergling x2  
  39  3:13  Zergling x4  
  39  3:15  Zergling x2  
  41  3:27  Baneling Nest  
  41  3:28  Overlord  
  41  3:30  Drone  
  41  3:31  Drone  
  39  3:35  Drone  
  39  3:43  Overlord  
  39  3:45  Zergling x2  
  39  3:48  Drone x2  
  40  3:55  Drone x2  
  35  3:56  Drone  
  35  4:02  Drone x3  
  39  4:05  Drone  
  40  4:11  Baneling x2  
  40  4:12  Zergling x4  
  40  4:16  Zergling x4  
  42  4:27  Baneling  
  42  4:29  Zergling x8  
  44  4:32  Zergling x8  
  44  4:37  Baneling  
  49  4:46  Zergling x8  
  52  4:56  Drone x4  
  52  4:57  Drone x2  
  49  5:00  Drone x2, Queen  
  49  5:02  Baneling x2  
  49  5:04  Drone  
  54  5:10  Drone  
  54  5:11  Drone  
  54  5:12  Drone  
  54  5:14  Extractor  
  56  5:18  Evolution Chamber  
  55  5:23  Extractor  
  55  5:28  Queen  
  54  5:33  Drone x4  
  57  5:37  Hatchery  
  52  5:43  Baneling x3  
  52  5:44  Zergling x4  
  52  5:49  Zergling x6  
  57  5:54  Zergling x2  
  58  6:02  Hatchery  
  58  6:04  Zergling x4  
  59  6:05  Baneling x2  
  59  6:08  Zerg Missile Weapons Level 1  
  59  6:13  Roach Warren  
  58  6:20  Queen  
  58  6:21  Overlord x2  
  59  6:29  Lair  
  59  6:30  Drone, Overlord  
  58  6:34  Drone x2, Overlord  
  59  6:42  Drone x4  
  62  6:54  Roach x2  
  63  7:02  Roach x2  
  66  7:12  Roach x2  
  66  7:14  Drone, Baneling  
  66  7:15  Drone x6  
  77  7:23  Roach  
  77  7:27  Glial Reconstitution  
  79  7:34  Overlord, Overseer  
  79  7:36  Roach x4  
  87  7:39  Extractor  
  87  7:44  Queen, Overlord x2  
  86  7:46  Drone x3  
  86  7:48  Roach x3  
  99  8:01  Roach x4  
  105  8:10  Drone x2  
  105  8:11  Drone x3  
  110  8:13  Roach, Extractor  
  110  8:14  Roach x2  
  110  8:18  Overlord  
  115  8:21  Zerg Missile Weapons Level 2  
  115  8:22  Roach  
  115  8:26  Roach  
  119  8:31  Hatchery  
  119  8:32  Roach  
  119  8:43  Roach x3  
  119  8:44  Roach x3  
  128  8:53  Drone, Extractor  
  128  8:54  Overlord x6  
  128  9:04  Hydralisk Den  
  128  9:07  Drone x2  
  129  9:16  Roach x8  
  145  9:28  Drone x6  
  151  9:32  Roach x4  
  151  9:34  Overlord  
  151  9:36  Overlord  
  159  9:42  Ravager x5  
  159  9:43  Ravager  
  159  9:44  Drone  
  166  9:46  Lurker Den  
  166  9:51  Roach x3  
  171  9:53  Overseer  
  171  9:56  Roach x2  
  171  9:59  Roach x2  
  179  10:09  Roach x6  
  191  10:17  Queen  
  187  10:26  Hydralisk x5  
  197  10:28  Hydralisk  
  199  10:37  Spine Crawler, Grooved Spines  
  199  10:39  Overseer  
  199  10:40  Spine Crawler  
  197  10:43  Zerg Ground Armor Level 1  
  197  10:48  Extractor  
  197  10:49  Spine Crawler, Extractor  
  194  10:50  Drone x3  
  194  10:51  Infestation Pit  
  196  11:02  Roach x2  
  200  11:07  Pneumatized Carapace  
  197  11:19  Overseer  
  197  11:24  Overseer  
  193  11:26  Lurker  
  193  11:27  Unknown x3, Lurker  
  193  11:29  Spine Crawler  
  193  11:31  Spine Crawler  
  193  11:34  Hive  
  193  11:36  Overseer  
  193  11:49  Muscular Augments  
  193  11:51  Spore Crawler  
  192  12:05  Lurker x4  
  196  12:10  Evolution Chamber  
  195  12:20  Spine Crawler x2  
  195  12:21  Drone x7  
  200  12:27  Spine Crawler  
  200  12:28  Spine Crawler  
  198  12:38  Overseer x2  
  195  12:53  Roach x4  
  197  12:58  Roach x2  
  192  13:11  Drone x2  
  192  13:12  Drone x3  
  197  13:13  Spine Crawler  
  197  13:14  Spine Crawler x2  
  182  13:26  Zerg Ground Armor Level 2, Zerg Missile Weapons Level 3, Adaptive Talons  
  180  13:28  Hydralisk x6  
  180  13:29  Hydralisk x5  
  197  13:45  Hydralisk x2  
  199  13:52  Unknown x2  
  197  13:58  Spine Crawler x2  
  197  14:01  Queen  
  197  14:02  Spine Crawler  
  193  14:17  Drone  
  193  14:18  Drone x6  
  194  14:27  Lurker x2  
  150  14:39  Hydralisk x14  
  150  14:40  Hydralisk x6  
  170  14:57  Drone x8  
  171  15:00  Overseer  
  169  15:12  Drone x3  
  169  15:13  Drone x2  
  174  15:18  Hydralisk x2  
  174  15:19  Hatchery  
  177  15:22  Hydralisk x2  
  181  15:40  Lurker x3  
  181  15:42  Roach x9  
  178  15:50  Roach  
  178  15:51  Roach x3  
  178  15:53  Roach  
  178  15:54  Roach  
  177  15:59  Roach  
  177  16:00  Roach x3  
Show
View Real Time Build Order
Export as new Build Order

Zanster Zerg 

Build Orders: Hatch First, Lurkers 

Get SALT Encoding   

  12  0:00  Drone  
  13  0:12  Overlord  
  13  0:18  Drone  
  14  0:31  Drone x2  
  14  0:35  Drone  
  17  0:52  Hatchery  
  17  0:55  Drone  
  17  0:58  Drone  
  17  1:00  Extractor  
  17  1:14  Spawning Pool  
  17  1:17  Drone  
  17  1:19  Drone  
  18  1:28  Drone  
  19  1:45  Drone  
  20  1:50  Overlord  
  20  2:01  Queen  
  20  2:02  Metabolic Boost  
  20  2:03  Queen  
  20  2:05  Zergling x2  
  20  2:06  Zergling x2  
  26  2:13  Drone  
  26  2:15  Drone  
  28  2:22  Drone  
  29  2:25  Drone  
  30  2:36  Zergling x2  
  31  2:39  Hatchery  
  30  2:45  Queen  
  30  2:47  Overlord  
  32  2:53  Zergling x4  
  34  2:59  Zergling x4  
  36  3:07  Zergling x2  
  36  3:12  Zergling x12  
  43  3:16  Zergling x2  
  44  3:23  Overlord  
  43  3:31  Zergling x4  
  42  3:35  Baneling Nest, Zergling x2  
  41  3:47  Zergling x8  
  38  3:56  Zergling x6  
  38  4:00  Zergling x4  
  43  4:04  Zergling x2  
  43  4:08  Zergling x2  
  45  4:10  Zergling x2  
  45  4:13  Zergling x2  
  46  4:20  Baneling x3  
  46  4:21  Baneling  
  46  4:26  Zergling x2  
  46  4:27  Zergling x4  
  47  4:37  Zergling x12  
  47  4:38  Zergling x2  
  45  4:54  Zergling x12  
  45  4:59  Drone  
  45  5:00  Drone  
  46  5:11  Baneling x2  
  46  5:12  Baneling x2  
  46  5:15  Zergling x8  
  46  5:20  Drone x2  
  52  5:23  Baneling  
  52  5:27  Overlord  
  52  5:31  Drone x2  
  49  5:40  Drone x4  
  49  5:42  Drone  
  53  5:44  Drone  
  53  5:46  Drone  
  53  5:47  Drone  
  55  5:54  Drone  
  55  5:55  Drone x2  
  55  5:56  Drone  
  54  6:08  Roach Warren  
  54  6:09  Evolution Chamber  
  52  6:12  Drone x4  
  52  6:16  Drone x2  
  58  6:21  Drone x2  
  58  6:22  Drone  
  57  6:28  Overlord  
  55  6:33  Zergling x2  
  55  6:34  Zergling x10  
  60  6:41  Zerg Missile Weapons Level 1, Extractor  
  59  6:54  Baneling x2  
  56  7:00  Queen  
  55  7:03  Drone x12  
  55  7:04  Drone x3  
  68  7:11  Queen  
  68  7:12  Lair  
  68  7:14  Extractor  
  70  7:15  Drone  
  70  7:16  Drone  
  70  7:18  Drone  
  70  7:22  Overlord  
  72  7:23  Extractor  
  72  7:26  Overlord  
  72  7:27  Overlord  
  71  7:33  Overlord  
  71  7:34  Overlord x2  
  71  7:37  Overlord  
  70  7:47  Roach x6  
  70  7:50  Unknown  
  83  7:51  Roach x2  
  83  7:54  Roach  
  87  7:59  Extractor  
  87  8:00  Roach x2  
  87  8:02  Roach  
  93  8:10  Glial Reconstitution  
  93  8:12  Overlord  
  93  8:14  Extractor  
  93  8:15  Drone  
  93  8:16  Roach  
  93  8:17  Roach  
  93  8:19  Drone x3, Overlord  
  100  8:27  Roach  
  100  8:28  Roach x3  
  100  8:30  Hatchery  
  107  8:36  Roach  
  107  8:37  Roach x2  
  107  8:39  Roach  
  114  8:45  Roach  
  114  8:46  Roach x4  
  114  8:47  Overlord  
  123  8:49  Overlord  
  123  8:56  Roach x2  
  123  8:57  Overlord  
  123  9:00  Roach  
  129  9:03  Roach  
  129  9:07  Overseer  
  130  9:12  Roach x2  
  134  9:18  Roach  
  134  9:21  Roach  
  134  9:22  Roach x7  
  152  9:30  Roach  
  152  9:31  Roach x3  
  160  9:37  Drone  
  160  9:38  Overlord x2  
  161  9:43  Burrow  
  161  9:44  Zerg Missile Weapons Level 2, Extractor  
  160  9:47  Overlord  
  160  9:52  Drone x4  
  164  9:54  Drone  
  164  9:55  Drone  
  164  9:56  Drone  
  164  9:58  Tunneling Claws  
  167  10:08  Roach x5  
  165  10:21  Roach x7  
  165  10:22  Roach  
  177  10:30  Roach x5  
  177  10:31  Roach  
  177  10:33  Roach  
  191  10:35  Overlord  
  191  10:36  Extractor  
  191  10:37  Extractor  
  191  10:40  Overlord  
  189  10:43  Overseer  
  185  10:55  Roach x7  
  193  11:12  Hydralisk Den  
  180  11:23  Roach x12  
  180  11:24  Roach x3  
  198  11:30  Roach  
  198  11:31  Roach x47  
  198  11:48  Lurker Den  
  198  11:53  Ravager x2  
  199  11:56  Overseer, Hatchery, Pneumatized Carapace  
  198  12:05  Overlord  
  198  12:06  Overlord x2  
  198  12:07  Overlord  
  196  12:11  Unknown x2  
  196  12:12  Unknown x7  
  196  12:18  Muscular Augments  
  196  12:23  Roach x46  
  196  12:28  Unknown x2  
  196  12:33  Hydralisk  
  196  12:36  Ravager  
  167  13:07  Hydralisk x14  
  183  13:12  Roach  
  183  13:13  Roach x8  
  179  13:20  Zerg Ground Armor Level 1  
  179  13:22  Roach  
  179  13:23  Roach x8  
  179  13:25  Queen  
  185  13:31  Roach x2  
  185  13:33  Overseer  
  167  13:40  Roach x3  
  159  13:42  Lurker x5  
  159  13:44  Roach  
  159  13:45  Roach x2  
  159  13:46  Roach  
  168  13:50  Unknown  
  168  13:51  Unknown x7  
  168  13:53  Roach  
  168  13:55  Roach x3  
  168  13:57  Roach x9  
  186  14:06  Drone  
  186  14:07  Drone x3  
  190  14:12  Roach  
  190  14:13  Roach x3  
  165  14:34  Roach, Hydralisk  
  165  14:35  Roach x7  
  154  14:42  Roach x2  
  154  14:43  Roach  
  141  14:46  Roach  
  141  14:52  Drone x5  
  145  14:54  Ravager x2  
  145  14:55  Ravager  
  145  14:56  Lurker  
  145  14:57  Lurker x3  
  148  15:06  Roach x5  
  146  15:10  Roach  
  146  15:12  Roach  
  146  15:17  Roach x2  
  147  15:23  Roach, Hydralisk x3  
  147  15:24  Roach  
  157  15:28  Overseer  
  157  15:36  Drone x3, Unknown x2  
  158  15:44  Unknown  
  158  15:46  Hatchery  
  158  15:48  Roach x4  
  158  15:49  Roach x3  
  116  15:58  Roach x6  

Tags
 
Add a new tag
Caveats
  • Supply blocks, unpowered buildings, or Contaminate may cause inaccurate times.
  • Supply counts are checked every 10 seconds.